Map: Kairos Junction LE

Players

Hisha

  • Race: Terran Terran
  • Spawn Location: 5:00

A.I. 1 (Very Easy) - Winner!

  • Race: Zerg Zerg
  • Spawn Location: 11:00

VOD

Have the link to the VOD?

Description

Time

  • Played on: Dec. 12, 2018, 5:21 a.m.
  • Length: 7:00
Show
View Real Time Build Order
Export as new Build Order

Hisha Terran 

Build Orders: Gas First Reaper Expand, Hellion Banshee 

Get SALT Encoding   

  12  0:01  SCV  
  13  0:13  SCV  
  14  0:17  Supply Depot  
  14  0:25  SCV  
  15  0:28  Refinery  
  15  0:39  SCV  
  16  0:47  Barracks  
  16  0:52  SCV  
  17  1:04  SCV  
  18  1:16  SCV  
  19  1:34  Orbital Command  
  19  1:35  Reaper  
  20  1:49  Command Center  
  21  2:01  SCV  
  21  2:05  Factory  
  21  2:10  Refinery  
  21  2:15  SCV  
  22  2:20  Barracks Reactor  
  22  2:24  Supply Depot  
  22  2:27  SCV  
  23  2:45  SCV  
  24  2:52  Starport  
  24  2:57  SCV  
  25  3:01  Orbital Command  
  25  3:09  Hellion x2  
  25  3:11  Barracks Tech Lab  
  29  3:13  SCV  
  30  3:25  SCV  
  31  3:28  SCV  
  31  3:29  Viking  
  34  3:35  Supply Depot  
  34  3:36  Hellion  
  34  3:37  Hellion  
  34  3:38  SCV  
  39  3:43  SCV  
  40  3:56  Refinery  
  40  3:57  Refinery, SCV x2  
  40  3:58  Supply Depot  
  42  4:05  Hellion x2  
  46  4:10  SCV x2  
  46  4:17  Banshee  
  48  4:23  SCV x2  
  53  4:31  Fusion Core  
  53  4:32  Supply Depot  
  53  4:35  SCV x2  
  55  4:45  Starport, Barracks Tech Lab  
  55  4:49  SCV x2  
  57  5:00  Supply Depot  
  57  5:05  SCV x2  
  59  5:20  SCV x2  
  61  5:27  Supply Depot  
  61  5:30  Armory, Battlecruiser  
  61  5:34  Battlecruiser  
  73  5:37  SCV  
  73  5:38  SCV  
  73  5:41  Weapon Refit  
  75  5:50  Supply Depot  
  75  5:51  SCV x2  
  77  6:03  Command Center  
  77  6:07  Hellion  
  77  6:08  Hellion  
  77  6:09  SCV x2  
  83  6:26  SCV  
  83  6:27  SCV  
  91  6:47  SCV x2  
Show
View Real Time Build Order
Export as new Build Order

A.I. 1 (Very Easy) Zerg - Winner!

Build Orders: Pool Only 

Get SALT Encoding   

  12  0:01  Drone  
  13  0:12  Overlord  
  13  0:16  Drone  
  14  0:36  Spawning Pool  
  14  0:37  Extractor  
  14  0:39  Drone  
  13  0:46  Drone  
  14  0:53  Overlord  
  14  1:23  Zergling x2  
  14  1:24  Queen  
  17  1:34  Roach Warren  
  17  1:35  Extractor  
  17  1:39  Drone  
  16  1:42  Zergling x2  
  16  1:47  Drone  
  18  2:01  Zergling x2, Drone  
  20  2:12  Drone  
  21  2:22  Drone  
  22  2:31  Drone  
  22  2:33  Overlord  
  23  2:38  Drone  
  24  2:45  Drone  
  25  4:57  Zergling x2  
  25  5:54  Drone  
  25  5:55  Roach, Lair  
  28  6:01  Drone  
  29  6:08  Drone  
  29  6:10  Overlord  
  30  6:16  Drone  
  31  6:23  Drone  
  32  6:34  Roach, Ravager  
Tags
 
Add a new tag
Caveats
  • Supply blocks, unpowered buildings, or Contaminate may cause inaccurate times.
  • Supply counts are checked every 10 seconds.